Unix NetHack Version 5.0.0-0 post-release - last build May  4 2026 22:22:43 (774f63e81ad911689b3a0859ea89b322d5daca8d,branch:main).

Game began 2026-05-05 02:13:44, ended 2026-05-05 02:48:14.

Gadzook, neutral male human Wizard

                        --------------------------------
                        |.................)..))))......|
                        |.-+------..{.----------|-----.|
                        |.|  |((/|.---|?!|    |..|%%.|.|            ----------
                        |.|  |(!(|.|  |/?|    |{.|%%.-.|            |........|
                        |.|  |...|.+   ..|+----------|.|0           |........|
                        |.|  |--|-.-----|-....%.|..."|.-##########  |........|
                        |.|  |.............--%-.-....|.|#        ###....)....|
                        |.|  +.......{..-|--..|.|.._.|.|#           |........|
                        |.----..........|. |%%|.|....|.|            |........|
                        |...............|..|%%|.-----|.|            -------.--
                        |.--|------...-|------|..| ..|.|               #####
                        |.|....|..|...|       +..|...|.|              ##
                        |.|....|..|...|       |..-...|.|#            ##
                        |.------|--...---------..-----..###        --.-------
                        |............+.................|###########.........|
                        --------------------------------  #####    |........|
                                                         Y@#####   -.......<|
                                                                   ----------

Gadzook the Thaumaturge   St:12 Dx:12 Co:16 In:18 Wi:11 Ch:11  Neutral
Dlvl:8  $:303 HP:0(63) Pw:58(61) AC:3  Xp:7/1091 T:3620 

Latest messages:
 The 1st crossbow bolt misses you.
 The 2nd crossbow bolt misses you.
 The gnome swings his crossbow.
 The gnome hits!
 You kill the gnome!
 You swap places with the peaceful monkey.
 The dust vortex engulfs you!
 You can't see in here!
 You hit the dust vortex.
 You hit the dust vortex.
 You get expelled!
 It hits!
 You kill the giant rat!
 It engulfs you!
 You hit the dust vortex.
 You hit the dust vortex.
 You hit the dust vortex.
 You destroy the dust vortex!
 You attack thin air.
 A rock piercer suddenly appears!
 You can see again.
 You see here a giant rat corpse.
 There is a giant rat corpse here; eat it? [ynq] (n)
 This giant rat corpse tastes terrible!
 You finish eating the giant rat corpse.
 You hear a door open.
 You swap places with the peaceful monkey.
 The owlbear hits!
 The owlbear hits again!
 The owlbear grabs you!
 What do you want to write with? [- adenuDGHRY or ?*]
 You can't reach the ground.
 You hit the owlbear.
 The owlbear hits!
 The owlbear hits again!
 You are being crushed.
 You hit the owlbear.
 The owlbear hits!
 The owlbear hits again!
 You are being crushed.
 You hit the owlbear.
 The owlbear misses!
 The owlbear hits!
 You are being crushed.
 You hit the owlbear.
 The owlbear hits!
 The owlbear hits again!
 You die...
 Do you want your possessions identified? [ynq] (y)
 Do you want to see your attributes? [ynq] (y)

Inventory:
 Coins    ('$')
  $ - 303 gold pieces
 Weapons  (')')
  Y - a blessed +1 dagger
  R - 4 +2 daggers (at the ready)
  H - a +1 dagger
  G - 5 +0 daggers
  u - a +0 orcish dagger
  a - a blessed +1 quarterstaff (weapon in hands)
 Armor    ('[')
  O - an uncursed +0 dwarvish iron helm (being worn)
  P - a cursed -1 dwarvish mithril-coat (being worn)
 Comestibles  ('%')
  f - an uncursed candy bar labeled "Chocolate Nuggie"
  v - 2 uncursed food rations
  W - an uncursed lichen corpse
 Scrolls  ('?')
  L - 3 uncursed scrolls of blank paper
  M - 2 cursed scrolls of blank paper
  J - a cursed scroll of identify
  K - 2 uncursed scrolls of teleportation
 Potions  ('!')
  U - an uncursed potion of booze
  j - an uncursed potion of hallucination
  X - an uncursed potion of water
 Rings    ('=')
  d - an uncursed +5 ring of increase accuracy (on right hand)
  e - an uncursed ring of shock resistance (on left hand)
 Wands    ('/')
  D - a wand of opening (0:5)
 Tools    ('(')
  n - a magic marker (0:22)
  y - a +0 pick-axe
  g - an uncursed skeleton key
  V - an uncursed stethoscope
  F - an uncursed tallow candle
  Z - an uncursed partly used tallow candle

Gadzook the Wizard's attributes:

Background:
 You were a Thaumaturge, a level 7 male human Wizard.
 You were neutral, on a mission for Thoth
 who was opposed by Ptah (lawful) and Anhur (chaotic).
 You were right-handed.
 You were in the Gnomish Mines, on level 8.
 You entered the dungeon 3620 turns ago.
 It was nighttime.
 You had 1091 experience points, 189 more were needed to attain level 8.

Basics:
 You had 0 out of 63 hit points.
 You had 58 out of 61 energy points (spell power).
 Your armor class was 3.
 Your wallet contained 303 zorkmids.
 Autopickup was on for '$?!/="+' plus thrown, with exceptions.

Final Characteristics:
 Your strength was 12 (limit:18/100).
 Your dexterity was 12 (limit:18).
 Your constitution was 16 (limit:18).
 Your intelligence was 18 (limit:18).
 Your wisdom was 11 (limit:18).
 Your charisma was 11 (limit:18).

Final Status:
 You were held by an owlbear (west).
 You weren't hungry.
 You were unencumbered.
 You were wielding a quarterstaff.
 You had basic skill with quarterstaff and could have enhanced that.

Final Attributes:
 You were piously aligned.
 You were shock resistant.
 Your items were protected from electric shocks.
 You were telepathic.
 You had a moderate bonus to hit (+5).
 You were guarded.
 Your spell casting was impaired by metallic armor.
 You are dead.

Miscellaneous:
 You didn't encounter any bones levels.
 Total elapsed playing time was 34 minutes and 29 seconds.

Major events:
 Turn
    1: Gadzook the neutral male human Wizard entered the dungeon
  978: entered the Gnomish Mines
 1002: attained the rank of Conjurer (level 3)
 2244: attained the rank of Thaumaturge (level 6)
 3197: reached Mine Town
 3620: killed by an owlbear

Spells:
 Name                 Level Category     Fail Retention
 force bolt             1   attack        49%   81%-90%
 detect monsters        1   divination    49%  76%-100%
 detect food            2   divination    88%  76%-100%

Skills:
 Fighting Skills
   bare handed combat [Unskilled]
   riding             [Unskilled]
 Weapon Skills
   dagger             [Basic]
   knife              [Unskilled]
   axe                [Unskilled]
   short sword        [Unskilled]
   club               [Unskilled]
   mace               [Unskilled]
   quarterstaff       [Basic]
   polearms           [Unskilled]
   spear              [Unskilled]
   trident            [Unskilled]
   sling              [Unskilled]
   dart               [Unskilled]
   shuriken           [Unskilled]
 Spellcasting Skills
   attack spells      [Basic]
   healing spells     [Unskilled]
   divination spells  [Unskilled]
   enchantment spells [Basic]
   clerical spells    [Unskilled]
   escape spells      [Unskilled]
   matter spells      [Unskilled]

Voluntary challenges:
 Character rerolling was not enabled.
 You never genocided any monsters.
 You never polymorphed an object.
 You never changed form.
 You used no wishes.
Achievements:
 You entered a shop.
 You entered the Gnomish Mines.
 You attained the rank of Conjurer.
 You attained the rank of Thaumaturge.
 You entered Minetown.
 You entered a temple.

 The Dungeons of Doom: levels 1 to 4
    Level 1:
    Level 2:
       A fountain, a grave.
    Level 3:
       A food shop, a fountain.
    Level 4:
       A general store, a sink.
       Stairs down to The Gnomish Mines.
 The Gnomish Mines: levels 5 to 8
    Level 5:
    Level 6:
    Level 7:
    Level 8: <- You were here.
       Some shops, a temple and an altar, some fountains, a sink.
       Final resting place for
          you, killed by an owlbear.


Vanquished creatures:
  a small mimic
  3 leprechauns
  a dog
  a dust vortex
  a gnome mummy
  3 bugbears
  2 yellow lights
  2 shriekers
  a violet fungus
  7 gnome leaders
  4 gnomish wizards
  2 paper golems
  2 floating eyes
  a kitten
 11 dwarves
  2 kobold leaders
  4 hill orcs
  2 rothes
  6 dwarf zombies
  a hobbit
  3 manes
  a hobgoblin
  3 giant rats
  a yellow mold
  a green mold
 25 gnomes
  a gnome zombie
  4 geckos
  2 jackals
  a fox
  2 kobolds
  2 goblins
  5 lichens
  2 kobold zombies
  6 newts
116 creatures vanquished.

No species were genocided or became extinct.

Game over:
                       ----------
                      /          \
                     /    REST    \
                    /      IN      \
                   /     PEACE      \
                  /                  \
                  |     Gadzook      |
                  |      303 Au      |
                  |   killed by an   |
                  |     owlbear      |
                  |                  |
                  |                  |
                  |       2026       |
                 *|     *  *  *      | *
        _________)/\\_//(\/(/\)/\//\/|_)_______

Goodbye Gadzook the Wizard...

You died in The Gnomish Mines on dungeon level 8 with 4987 points,
and 303 pieces of gold, after 3620 moves.
You were level 7 with a maximum of 63 hit points when you died.

